 Dungeon Crawl Stone Soup version 0.17.0-7-gfadd4cc (console) character file.

2469 gw the Carver (level 9, -1/79 HPs)
             Began as a Minotaur Abyssal Knight on Nov 9, 2015.
             Was a Priest of Lugonu.
             Incinerated by a smoke demon (3 damage)
             ... with a sticky flame
             ... on level 8 of the Dungeon.
             The game lasted 00:08:20 (8688 turns).

gw the Carver (Minotaur Abyssal Knight)             Turns: 8688, Time: 00:08:20

Health: -1/79      AC: 19    Str: 17    XL:     9   Next: 26%
Magic:  3/12       EV:  6    Int:  9    God:    Lugonu [***...]
Gold:   385        SH:  0    Dex: 13    Spells: 0 memorised, 8 levels left

rFire  + . .     SeeInvis .     b - +0 long sword
rCold  . . .     Clarity  .     f - +2 plate armour {rF+}
rNeg   . . .     SustAt   .     (no shield)
rPois  .         Gourm    .     e - +0 hat
rElec  .         Spirit   .     g - +2 cloak
rCorr  .         Warding  .     a - +0 pair of gloves
rMut   .         Stasis   .     (no boots)
MR     .....                    (no amulet)
Stlth  ..........               (no ring)
                                (no ring)

@: lethally poisoned (-1 -> -6), liquid flames, glowing, not resistant to
hostile enchantments, extremely unstealthy
A: retaliatory headbutt, horns 2
a: Depart the Abyss, Bend Space, Banish, Renounce Religion


You were on level 8 of the Dungeon.
You worshipped Lugonu.
Lugonu was most pleased with you.
You were very hungry.

You visited 1 branch of the dungeon, and saw 8 of its levels.
You visited the Abyss 1 time.

You collected 385 gold pieces.

Inventory:

Hand Weapons
 b - a +0 long sword (weapon)
Missiles
 d - 301 stones (quivered)
 h - 20 poisoned needles
 i - 3 tomahawks
Armour
 a - a +0 pair of gloves (worn)
 e - a +0 hat (worn)
 f - a +2 plate armour of fire resistance (worn)
 g - a +2 cloak (worn)
Comestibles
 c - 8 bread rations


   Skills:
 + Level 7.2 Fighting
 * Level 9.2 Long Blades
 + Level 4.6 Throwing
 + Level 6.4 Armour
 - Level 1.1 Dodging
 + Level 5.3 Invocations


You had 8 spell levels left.
You didn't know any spells.

Dungeon Overview and Level Annotations

Branches:
Dungeon (8/15)             Temple (0/1) D:7
   Lair: D:8-11

Altars:
Cheibriados
Dithmenos
Fedhas
Nemelex Xobeh
Sif Muna
Vehumet
The Shining One

Annotations:
D:2 exclusion: downstairs
D:8 corrupted
Abyss:1 Edmund


Innate Abilities, Weirdness & Mutations

You reflexively headbutt those who attack you in melee.
You have a pair of horns on your head.


Message History

Unknown command.
Unknown command.
Unknown command.
Space bends around you!
You blink.
You feel slightly more hungry.
The smoke demon gestures at the killer bee.
The sticky flame hits you! You resist.
You are covered in liquid flames!
The smoke demon misses the adder skeleton.
The smoke demon hits the adder skeleton. x2
The killer bee barely misses you.
The adder skeleton bites the smoke demon but does no damage.
The worldbinder hits the killer bee but does no damage.
The worldbinder misses the killer bee.
Unknown command.
Unknown command.
Unknown command.
Unknown command.
MOVING TO (-7,-4)
You are covered in liquid flames!
You die...

.......# #.# .##+####
#.## #+ ## .# #..# #. .
. ##.###.##.
.#####.#.##..#.# ###
...........Z...##..#
#########.........####
##..4#.#3.....#
#.....H#......#
##.......X.....
#.#.#Xyxcp....# #
#..)3.WX.c.#..#
)####.#####..Z#.#.#....
#
.'..........#..#..44####
.####.######.##.##Z.. #
..#..# #.## ## #..# .#


You could see a killer bee, an adder skeleton, a neutral tentacled starspawn, a
neutral orange demon, 2 neutral large abominations, 2 neutral hellwings, 2
neutral yaktaurs, a neutral worldbinder, a neutral smoke demon, a neutral human,
a neutral wraith, a neutral storm dragon zombie and a neutral iron dragon
skeleton (wandering).

Table legend:
 A = Turns spent in this place as a percentage of turns spent in the entire game.
 B = Non-inter-level travel turns spent in this place as a percentage of non-inter-level travel turns spent in the entire game.
 C = Inter-level travel turns spent in this place as a percentage of turns spent in this place.
 D = Turns resting spent in this place as a percentage of non-inter-level travel turns spent in this place.
 E = Turns spent auto-exploring this place as a percentage of non-inter-level travel turns spent in this place.
 F = Non-inter-level travel turns spent in this place divided by the number of levels of this place that you've seen.
                   A       B       C       D       E      F
               +-------+-------+-------+-------+-------+----------------------
         Total | 100.0 | 100.0 |   0.5 |   1.0 |   2.2 | 1403.6
       Dungeon |  99.6 |  99.6 |   0.5 |   1.0 |   2.2 | 1572.9
         Abyss |   0.4 |   0.4 |   0.0 |   0.0 |   2.0 |  49.0
               +-------+-------+-------+-------+-------+----------------------

Table legend:
 A = Kills in this place as a percentage of kills in entire the game.
 B = Kills by you in this place as a percentage of kills by you in the entire game.
 C = Kills by friends in this place as a percentage of kills by friends in the entire game.
 D = Other kills in this place as a percentage of other kills in the entire game.
 E = Experience gained in this place as a percentage of experience gained in the entire game.
 F = Experience gained in this place divided by the number of levels of this place that you have seen.
                   A       B       C       D       E      F
               +-------+-------+-------+-------+-------+----------------------
         Total | 100.0 | 100.0 |  -nan | 100.0 | 100.0 | 392.0
       Dungeon | 100.0 | 100.0 |  -nan | 100.0 | 100.0 | 441.0
               +-------+-------+-------+-------+-------+----------------------

Vanquished Creatures
  A human (D:8)
  5 ogres
  A centaur (D:4)
  A necrophage (D:7)
  The ghost of athros the Ruffian, an amateur DrTm (D:3)
  A crocodile (D:8)
  4 giant frogs
  3 killer bees (D:8)
  2 scorpions
  2 crimson imps
  A centaur zombie (D:7)
  A giant frog zombie (D:7)
  A centaur skeleton (D:4)
  3 orc priests
  3 hounds
  2 iguanas
  4 orc wizards
  A worker ant (D:4)
  4 sheep (D:8)
  10 adders
  A worker ant zombie (D:7)
  2 gnolls
  A shadow imp (D:6)
  3 adder skeletons
  2 oozes
  2 worms
  3 giant geckos
  16 orcs
  A ball python (D:1)
  6 giant cockroaches
  8 hobgoblins
  6 jackals
  6 kobolds
  8 bats
  A giant cockroach zombie (D:5)
  7 giant newts
  5 goblins
  5 quokkas
  A quokka zombie (D:5)
  5 rats
140 creatures vanquished.

Vanquished Creatures (others)
  An elephant (D:8)
  2 killer bees (D:8)
  2 plants (D:8)
5 creatures vanquished.

Grand Total: 145 creatures vanquished

Notes
Turn   | Place    | Note
--------------------------------------------------------------
     0 | Abyss:1  | gw the Minotaur Abyssal Knight began the quest for the Orb.
     0 | Abyss:1  | Reached XP level 1. HP: 19/19 MP: 1/1
    29 | D:1      | Escaped the Abyss
   342 | D:1      | Reached XP level 2. HP: 27/27 MP: 2/2
   663 | D:1      | Reached ** piety under Lugonu
   831 | D:1      | Reached skill level 4 in Fighting
   831 | D:1      | Reached XP level 3. HP: 33/33 MP: 3/3
  1155 | D:2      | Found a shadowy altar of Dithmenos.
  1634 | D:2      | Reached skill level 1 in Throwing
  2119 | D:3      | Noticed athros's ghost (amateur DrTm)
  2280 | D:3      | Reached XP level 4. HP: 33/40 MP: 4/4
  2332 | D:3      | Killed athros's ghost
  2332 | D:3      | Reached XP level 5. HP: 13/47 MP: 4/6
  3021 | D:3      | Noticed a scorpion
  3029 | D:3      | Killed a scorpion
  3280 | D:3      | Reached *** piety under Lugonu
  3479 | D:4      | Reached XP level 6. HP: 32/53 MP: 7/7
  3480 | D:4      | Reached skill level 5 in Long Blades
  3554 | D:4      | Noticed Edmund
  3554 | D:4      | Banished Edmund
  3675 | D:4      | Noticed a centaur
  3690 | D:4      | Killed a centaur
  3690 | D:4      | Reached skill level 5 in Fighting
  4033 | D:4      | Reached XP level 7. HP: 61/61 MP: 8/8
  4268 | D:4      | Reached skill level 6 in Long Blades
  4340 | D:4      | Noticed an ogre
  4352 | D:4      | Killed an ogre
  4659 | D:4      | Found a blossoming altar of Fedhas.
  4783 | D:4      | Found a deep blue altar of Sif Muna.
  5075 | D:5      | Entered Level 5 of the Dungeon
  6352 | D:6      | Reached skill level 7 in Long Blades
  6352 | D:6      | Reached skill level 5 in Armour
  6352 | D:6      | Reached XP level 8. HP: 64/70 MP: 10/10
  6586 | D:6      | Found a snail-covered altar of Cheibriados.
  6589 | D:6      | Found a radiant altar of Vehumet.
  6591 | D:6      | Found a sparkling altar of Nemelex Xobeh.
  6592 | D:6      | Found a glowing golden altar of the Shining One.
  7291 | D:7      | Found a staircase to the Ecumenical Temple.
  7580 | D:7      | Reached skill level 8 in Long Blades
  7979 | D:8      | HP: 3/71 [poisoned by an orc wizard]
  7984 | D:8      | HP: 2/71 [poisoned by an orc wizard]
  7991 | D:8      | HP: 2/71 [poisoned by an orc wizard]
  7999 | D:8      | HP: 2/71 [poisoned by an orc wizard]
  8389 | D:8      | Noticed an elephant
  8393 | D:8      | Banished an elephant
  8393 | D:8      | Reached skill level 5 in Invocations
  8393 | D:8      | Reached XP level 9. HP: 78/78 MP: 11/11
  8448 | D:8      | Reached skill level 9 in Long Blades
  8680 | D:8      | Reached **** piety under Lugonu
  8684 | D:8      | Corrupted D:8
  8684 | D:8      | Noticed an orange demon
  8684 | D:8      | Noticed a large abomination
  8684 | D:8      | Noticed an iron dragon skeleton
  8684 | D:8      | Noticed a smoke demon
  8684 | D:8      | Noticed a tentacled starspawn
  8684 | D:8      | Noticed a worldbinder
  8684 | D:8      | Noticed a hellwing
  8687 | D:8      | Noticed a storm dragon zombie
  8687 | D:8      | Noticed a yaktaur
  8687 | D:8      | Noticed a yaktaur
  8687 | D:8      | HP: 3/79 [spatial distortion (2)]
  8687 | D:8      | Noticed a smoke demon
  8688 | D:8      | Noticed a hellwing
  8688 | D:8      | Incinerated by a smoke demon

Action                   |  1- 3 |  4- 6 |  7- 9 || total
-------------------------+-------+-------+-------++-------
Melee: Falchion          |   102 |    91 |    82 ||   275
       Long sword        |       |       |   216 ||   216
Throw: Stone             |   122 |    90 |   153 ||   365
       Tomahawk          |       |       |     6 ||     6
Invok: Banish            |       |     1 |     1 ||     2
       Bend Space        |       |       |     5 ||     5
       Corrupt           |       |       |     1 ||     1
  Eat: Chunk             |     3 |     7 |    11 ||    21
       Bread ration      |       |       |     1 ||     1

Vault maps used:
D:1:      wheals_arrival_linesprint, minmay_misc_feat_roman, st_stairs_10
D:2:      lemuel_round_altar
D:4:      forest_paths, fedhas_altar_2, lemuel_coloured_pillars_altar,
          first_bread, uniq_edmund
D:6:      minitemple
D:7:      minmay_temple_entry_purple_smoke
D:8:      david_lair_generic, grunt_livestock, grunt_decor_arrowhead
